[Event "Titled Tuesday Blitz July 6 2021"]
[White "Nathan, Nitish"]
[Black "Przybylski, Wojciech"]
[WhiteFideId "30927870"]
[BlackFideId "1117599"]
[WhiteElo "2211"]
[BlackElo "2317"]
[Result "0-1"]
[Round "10"]
[TimeControl "180+1"]
[Date "2021.07.06"]
[WhiteClock "0:00:05"]
[BlackClock "0:00:04"]

1. d4 Nf6 2. Bf4 Nd5 3. Bg3 e6 4. e4 Nb6 5. Nc3 h5 6. h3 h4 7. Bh2 d6 8. Nf3 N8d7 9. Bb5 Be7 10. O-O a6 11. Bd3 Nf8 12. a4 Nbd7 13. e5 d5 14. Ne2 c5 15. c3 c4 16. Bc2 Nb8 17. Nd2 Bd7 18. f4 g6 19. Nf3 Nc6 20. Qe1 Na5 21. Qf2 Qb6 22. Rab1 Nb3 23. Nc1 Bxa4 24. Nxb3 Bxb3 25. Bxb3 cxb3 26. Nd2 Rc8 27. Qe2 a5 28. Ra1 Ra8 29. Ra4 Qc6 30. Rfa1 Bd8 31. Nxb3 b5 32. R4a2 a4 33. Nc5 Bb6 34. Nd3 Rc8 35. Nb4 Qc4 36. Qxc4 dxc4 37. Kh1 Ba5 38. Nc2 Nd7 39. Ne3 Nb6 40. Rd1 Nd5 41. Nxd5 exd5 42. Re1 Kd7 43. Bg1 Ke6 44. Be3 Rh5 45. Kh2 Bc7 46. g4 hxg3+ 47. Kxg3 Rch8 48. Rh1 Bd8 49. Raa1 Kf5 50. Rag1 Rh4 51. Bd2 Be7 52. Rg2 R4h5 53. Rgg1 Ra8 54. Ra1 Bh4+ 55. Kf3 Rah8 56. Rag1 Be7 57. Kg3 Rb8 58. Ra1 Ra8 59. Kf3 Rh4 60. Kg3 Rh7 61. Kf3 Rh6 62. Kg3 Rhh8 63. Kf3 Bh4 64. Rhg1 Be7 65. Rh1 Rh4 66. Kg3 Rg8 67. Kf3 Rh5 68. Rag1 Ra8 69. Ra1 f6 70. exf6 Bxf6 71. Rh2 Re8 72. Rg1 Re4 73. Kf2 Rh4 74. Rg3 Be7 75. Rhg2 Rh6 76. Kf3 Bh4 77. Rg4 Re8 78. Bc1 Ra8 79. Bd2 Bf6 80. h4 Bxh4 81. Rh2 Rah8 82. Rhg2 Bf6 83. R4g3 Rh3 84. Ke2 Rxg3 85. Rxg3 Rh2+ 86. Kd1 Bh4 87. Rg1 Bf6 88. Rf1 Rh3 89. Rg1 Rf3 90. Rh1 Rf2 91. Ke1 Rg2 92. Rf1 Bh4+ 93. Kd1 Bf2 94. Kc2 Bg3 95. Kd1 Ke4 96. Rh1 Bxf4 97. Bxf4 Kxf4 98. Kc1 Rf2 99. Rh4+ Kf5 100. Rh8 Ke4 101. Re8+ Kd3 102. Kb1 Rf1+ 103. Ka2 g5 104. Rg8 Rg1 105. Rd8 g4 106. Rxd5 g3 107. Rxb5 Ke3 108. Rg5 Kf3 109. d5 Rd1 110. Ka3 g2 0-1


[Site "https://www.chess.com"]

[Event "Titled Tuesday Blitz July 6 2021"]
[White "Nguyen Hong Nhung"]
[Black "Vyatkin, Dmitry"]
[WhiteFideId "12412201"]
[BlackFideId "4171900"]
[WhiteElo "1661"]
[BlackElo "2279"]
[Result "0-1"]
[Round "10"]
[TimeControl "180+1"]
[Date "2021.07.06"]
[WhiteClock "0:02:07"]
[BlackClock "0:01:14"]

1. e4 e6 2. d4 d5 3. Nc3 Nf6 4. e5 Nfd7 5. Nce2 c5 6. c3 Nc6 7. f4 Be7 8. Nf3 O-O 9. g3 f6 10. Bg2 cxd4 11. cxd4 Qb6 12. Bh3 fxe5 13. Bxe6+ Kh8 14. dxe5 Ndxe5 15. Nxe5 Bxe6 16. Nxc6 bxc6 17. Qb3 Bb4+ 18. Bd2 Bxd2+ 19. Kxd2 Qc7 20. Nd4 Bf7 21. Rhe1 c5 22. Ne6 Bxe6 23. Rxe6 Rab8 24. Qc3 d4 25. Qc2 c4 26. Rae1 Rxb2 27. Qxb2 c3+ 28. Kc2 cxb2+ 29. Kxb2 Qc3+ 30. Kb1 Rb8+ 0-1


[Site "https://www.chess.com"]

[Event "Titled Tuesday Blitz July 6 2021"]
[White "Nguyen, Quoc Hy"]
[Black "Obregon, Andres Carlos"]
[WhiteFideId "12410853"]
[BlackFideId "111724"]
[WhiteElo "1975"]
[BlackElo "2572"]
[Result "0-1"]
[Round "10"]
[TimeControl "180+1"]
[Date "2021.07.06"]
[WhiteClock "0:00:04"]
[BlackClock "0:00:09"]

1. d4 Nf6 2. c4 e6 3. Nc3 Bb4 4. Qc2 O-O 5. Nf3 d6 6. e4 e5 7. Bd3 Nc6 8. d5 Ne7 9. O-O Bg4 10. Nd2 c6 11. a3 Bc5 12. b4 Bb6 13. Na4 Bd4 14. Bb2 Bxb2 15. Qxb2 cxd5 16. cxd5 Ng6 17. Rfc1 Nf4 18. Bf1 N6h5 19. f3 Bd7 20. Nc3 Qg5 21. Nc4 Qg6 22. Na5 f5 23. Nxb7 fxe4 24. Nxe4 Nh3+ 25. Kh1 Rxf3 26. Nbxd6 Nf6 27. Qe2 Nxe4 28. Nxe4 Rf4 29. Ng3 Nf2+ 30. Kg1 e4 31. Rc7 Bg4 32. Qe3 Raf8 33. Rac1 h5 34. R7c6 Qg5 35. d6 h4 36. R6c5 Qf6 37. d7 hxg3 38. hxg3 Nh3+ 39. Kh2 Rxf1 40. Rxf1 Qxf1 41. Rc8 Bxd7 42. Rxf8+ Qxf8 43. gxh3 Qf3 44. Qxf3 exf3 45. g4 Kf7 46. Kg3 Bc6 47. h4 Ke6 48. h5 Kf6 49. a4 Bxa4 50. Kxf3 Kg5 0-1


[Site "https://www.chess.com"]

[Event "Titled Tuesday Blitz July 6 2021"]
[White "Novikov, Evgenij"]
[Black "Eynullayev, Altay"]
[WhiteFideId "4125380"]
[BlackFideId "13413562"]
[WhiteElo "2242"]
[BlackElo "2079"]
[Result "1-0"]
[Round "10"]
[TimeControl "180+1"]
[Date "2021.07.06"]
[WhiteClock "0:00:56"]
[BlackClock "0:00:43"]

1. Nf3 Nf6 2. d4 g6 3. c4 Bg7 4. Nc3 d5 5. Bg5 Ne4 6. cxd5 Nxg5 7. Nxg5 e6 8. Nf3 exd5 9. e3 O-O 10. Bd3 c6 11. O-O Qd6 12. a3 a5 13. Na4 Nd7 14. Rc1 Nf6 15. Ne5 Ng4 16. Nxg4 f6 17. h3 f5 18. Ne5 Bxe5 19. dxe5 Qxe5 20. Nb6 Rb8 21. Nxc8 Rbxc8 22. Qb3 b5 23. Rc5 f4 24. e4 f3 25. exd5 Qf4 26. dxc6+ Kg7 27. g3 Qd6 28. Qc3+ Kh6 29. Bxb5 Rce8 30. c7 Re2 31. c8=Q Rxf2 32. Qe3+ 1-0


[Site "https://www.chess.com"]

[Event "Titled Tuesday Blitz July 6 2021"]
[White "Odegov, Artem"]
[Black "Shukhman, Anna"]
[WhiteFideId "34183644"]
[BlackFideId "54180058"]
[WhiteElo "2288"]
[BlackElo "1628"]
[Result "1-0"]
[Round "10"]
[TimeControl "180+1"]
[Date "2021.07.06"]
[WhiteClock "0:00:16"]
[BlackClock "0:00:15"]

1. d4 f5 2. h3 Nf6 3. g4 fxg4 4. hxg4 Nxg4 5. Qd3 d5 6. Rxh7 Rxh7 7. Qxh7 Qd6 8. Nf3 Nc6 9. a3 Qf6 10. Bg5 Qf5 11. Qh5+ g6 12. Qh4 Qxc2 13. Nc3 Qxb2 14. Rc1 Bf5 15. Bh3 Nf6 16. Bxf5 gxf5 17. Qf4 O-O-O 18. Bxf6 exf6 19. Qxf5+ Kb8 20. Qf4 Bd6 21. Qd2 Bxa3 22. Rb1 Qxd2+ 23. Kxd2 a5 24. Rg1 Bb4 25. Rg6 Rf8 26. Kd3 Ne7 27. Rg7 Nf5 28. Rh7 Bxc3 29. Kxc3 b5 30. e3 b4+ 31. Kb3 Kb7 32. Ka4 Kb6 33. Nd2 Nd6 34. Nb3 Nc4 35. Nc5 Rg8 36. Rf7 Rg1 37. Rxf6+ c6 38. Rf7 Ra1+ 39. Kb3 Ra3+ 40. Kc2 Nd6 41. Rd7 Rc3+ 42. Kb1 Rxc5 43. dxc5+ Kxc5 44. f4 Nc4 45. f5 Nxe3 46. f6 Nc4 47. f7 Ne5 48. f8=Q+ Kc4 49. Qf4+ 1-0


[Site "https://www.chess.com"]

[Event "Titled Tuesday Blitz July 6 2021"]
[White "Oliveira, Silvio Eduardo"]
[Black "Kukhmazov, Arsen"]
[WhiteFideId "2111560"]
[BlackFideId "24108260"]
[WhiteElo "2302"]
[BlackElo "2453"]
[Result "1-0"]
[Round "10"]
[TimeControl "180+1"]
[Date "2021.07.06"]
[WhiteClock "0:00:17"]
[BlackClock "0:00:05"]

1. e4 c6 2. d4 d5 3. exd5 cxd5 4. Bd3 Nc6 5. c3 Qc7 6. Ne2 Bg4 7. O-O e6 8. Qe1 Nf6 9. Bg5 h6 10. Bf4 Bd6 11. Bxd6 Qxd6 12. f3 Bh5 13. f4 Ne7 14. Nd2 O-O 15. Ng3 Bg6 16. Bxg6 Nxg6 17. f5 exf5 18. Nxf5 Qd7 19. Nxh6+ gxh6 20. Rxf6 Rae8 21. Qf2 Qg4 22. Rf3 Re7 23. Nf1 Rfe8 24. Ne3 Qg5 25. Rg3 Qh5 26. Rf1 Kh7 27. Qf6 Qe2 28. Nxd5 Rd7 29. Nf4 Qe4 30. Nh5 Rg8 31. Qf2 1-0


[Site "https://www.chess.com"]

[Event "Titled Tuesday Blitz July 6 2021"]
[White "Omariev, Maksim"]
[Black "Piesik, Piotr"]
[WhiteFideId "4193423"]
[BlackFideId "1136194"]
[WhiteElo "2388"]
[BlackElo "2354"]
[Result "0-1"]
[Round "10"]
[TimeControl "180+1"]
[Date "2021.07.06"]
[WhiteClock "0:00:04"]
[BlackClock "0:00:44"]

1. g4 d5 2. Bg2 c6 3. g5 e5 4. d4 e4 5. h4 Be7 6. c4 h6 7. f4 exf3 8. Nxf3 dxc4 9. g6 fxg6 10. Qc2 Bf5 11. Qxc4 Nf6 12. Ne5 Rf8 13. Nc3 Nbd7 14. e4 Nb6 15. Qd3 Ng4 16. Bf4 Bxh4+ 17. Rxh4 Qxh4+ 18. Bg3 Nxe5 19. dxe5 Rd8 20. Bxh4 Rxd3 21. exf5 gxf5 22. Ke2 Rd4 23. Bf2 Rd7 24. Bc5 Nc4 25. Bxf8 Kxf8 26. Rd1 Rxd1 27. Kxd1 Nxb2+ 28. Kc2 Nc4 29. e6 Ne3+ 30. Kd3 Nxg2 31. Kd4 Ke7 32. Ke5 Nh4 33. Ne2 g6 34. Nf4 Nf3# 0-1


[Site "https://www.chess.com"]

[Event "Titled Tuesday Blitz July 6 2021"]
[White "Pakleza, Zbigniew"]
[Black "Maevsky, Nikolay"]
[WhiteFideId "1119290"]
[BlackFideId "4198220"]
[WhiteElo "2526"]
[BlackElo "2213"]
[Result "1/2-1/2"]
[Round "10"]
[TimeControl "180+1"]
[Date "2021.07.06"]
[WhiteClock "0:00:06"]
[BlackClock "0:00:12"]

1. a3 g6 2. d4 Bg7 3. Nf3 c5 4. c3 Qc7 5. Be3 d6 6. Bf4 Nf6 7. e3 O-O 8. Nbd2 b6 9. Be2 Bb7 10. h3 Nbd7 11. O-O a6 12. a4 Bc6 13. Bh2 Qb7 14. Nc4 Rfd8 15. Re1 Ne4 16. Qc2 Ndf6 17. Bf1 Rac8 18. Qb3 Rb8 19. Nfd2 Nxd2 20. Nxd2 Ne4 21. Nf3 cxd4 22. exd4 b5 23. axb5 axb5 24. Bd3 Bd5 25. Qc2 Nf6 26. Be2 Rdc8 27. Rec1 Be4 28. Qd1 Nd5 29. Bg3 Bh6 30. Rc2 Bxc2 31. Qxc2 Ra8 32. Re1 Bf4 33. Bh4 Bh6 34. Qb3 Rab8 35. Bg3 Bg7 36. Bd3 Qc6 37. Be4 e6 38. Bxd5 exd5 39. Qb4 Bf8 40. Ra1 Ra8 41. Rd1 Re8 42. Kh2 Qc4 43. Qxc4 bxc4 44. Rd2 Bh6 45. Rc2 Bf8 46. Bf4 Ra2 47. g4 Rb8 48. Bc1 Be7 49. Kg2 Rba8 50. Kf1 Ra1 51. Ke2 h5 52. g5 R8a2 53. h4 Ra8 54. Kd1 f6 55. Re2 Kf7 56. Kc2 Re8 57. Be3 fxg5 58. hxg5 Bf8 59. Rd2 Bg7 60. Re2 Re4 61. Nd2 Rg4 62. f3 Rg3 63. Rf2 Rh3 64. Nf1 Rh1 65. Ng3 Rhb1 66. Bd2 h4 67. Ne2 h3 68. Nf4 Rf1 69. Rxf1 Rxf1 70. Nxh3 Rxf3 71. Ng1 Rg3 72. Ne2 Rg2 73. Kd1 Bf8 74. Ke1 Rg4 75. Kf1 Re4 76. Nf4 Be7 77. Nxd5 Rg4 78. Ne3 Rxg5 79. Nxc4 Rf5+ 80. Ke2 d5 81. Ne3 Rh5 82. b4 Ke6 83. Kd3 Rh3 84. c4 Bg5 85. c5 Bxe3 86. Bxe3 g5 87. b5 g4 88. Ke2 Rh2+ 89. Kf1 Rb2 90. b6 g3 91. Kg1 Kd7 92. Bf4 g2 93. Be5 Kc6 94. Kh2 Re2 95. Kg1 Rd2 96. Kh2 Rc2 97. Kg1 Re2 98. Kh2 Kb7 99. Kg1 Rc2 100. Kh2 Ka6 101. Kg1 Kb7 102. Kh2 Ra2 103. Kg1 Re2 104. Bg3 Re4 105. Bf2 Rg4 106. Be3 Rg6 107. Bf4 Ka6 108. Be5 Kb7 109. Bf4 Kc6 110. Be5 Rg4 111. Bf6 Rf4 112. Be5 Rg4 113. Bf6 Kb7 114. Be5 Rg5 115. Bf4 Rg6 116. Be5 Rg8 117. Bf4 Rg4 118. Be5 Kc6 1/2-1/2


[Site "https://www.chess.com"]

[Event "Titled Tuesday Blitz July 6 2021"]
[White "Pereira, Juliano Resende M"]
[Black "Broca Jimenez, Fernando"]
[WhiteFideId "2109816"]
[BlackFideId "5104742"]
[WhiteElo "2444"]
[BlackElo "2062"]
[Result "1-0"]
[Round "10"]
[TimeControl "180+1"]
[Date "2021.07.06"]
[WhiteClock "0:00:42"]
[BlackClock "0:00:11"]

1. c4 Nf6 2. d4 e6 3. e3 b6 4. Nf3 Bb7 5. Bd3 Be7 6. O-O d5 7. cxd5 exd5 8. Nc3 O-O 9. b3 c5 10. Bb2 Nc6 11. Rc1 cxd4 12. exd4 Rc8 13. Bf5 Rb8 14. Ne5 g6 15. Bh3 Bd6 16. Nb5 Bxe5 17. dxe5 Ne4 18. f3 Ng5 19. Bg4 Ba6 20. a4 Bxb5 21. axb5 Na5 22. f4 Ne6 23. f5 gxf5 24. Rxf5 Qe7 25. Qxd5 Rbc8 26. Rcf1 Qc5+ 27. Qxc5 Rxc5 28. b4 Rxb5 29. bxa5 Rxb2 30. axb6 axb6 31. Rxf7 Rxf7 32. Bxe6 Kg7 33. Rxf7+ Kg6 34. Rb7 b5 35. h3 b4 36. Kh2 Rb1 37. Bg8 Rb2 38. Bxh7+ Kg5 39. e6 Kf6 40. e7 Kf7 41. Bg6+ Kxg6 42. e8=Q+ 1-0


[Site "https://www.chess.com"]

[Event "Titled Tuesday Blitz July 6 2021"]
[White "Plat, Vojtech"]
[Black "Gelman, Alexander"]
[WhiteFideId "325740"]
[BlackFideId "4118316"]
[WhiteElo "2486"]
[BlackElo "2375"]
[Result "1-0"]
[Round "10"]
[TimeControl "180+1"]
[Date "2021.07.06"]
[WhiteClock "0:00:16"]
[BlackClock "0:00:12"]

1. e4 d5 2. exd5 Qxd5 3. Nf3 Nc6 4. d4 Bg4 5. Be2 O-O-O 6. c4 Qf5 7. d5 e6 8. Nc3 Nf6 9. h3 Bxf3 10. Bxf3 Ne5 11. Be2 Bb4 12. O-O Bxc3 13. bxc3 exd5 14. Qa4 a6 15. c5 Qe4 16. Qd1 d4 17. cxd4 Rxd4 18. Qe1 Nd3 19. Bxd3 Qxe1 20. Bf5+ Qe6 21. Bxe6+ fxe6 22. Re1 Kd7 23. Bb2 Rd5 24. Rac1 c6 25. Rb1 Ne8 26. Bxg7 Rg8 27. Ba1 Kc8 28. Rxe6 Rxc5 29. Re7 Rb5 30. Rbe1 Nd6 31. Rxh7 Ra5 32. Re2 Re8 33. Rxe8+ Nxe8 34. Re7 Kd8 35. Rxb7 Rxa2 36. Be5 c5 37. h4 c4 38. h5 Re2 39. f4 Re3 40. h6 c3 41. h7 c2 42. Bb2 1-0


[Site "https://www.chess.com"]

[Event "Titled Tuesday Blitz July 6 2021"]
[White "Porter, Ryan W"]
[Black "Prydun, Andriy"]
[WhiteFideId "2011239"]
[BlackFideId "14145898"]
[WhiteElo "2346"]
[BlackElo "2024"]
[Result "0-1"]
[Round "10"]
[TimeControl "180+1"]
[Date "2021.07.06"]
[WhiteClock "0:00:01"]
[BlackClock "0:01:08"]

1. c4 c6 2. Nf3 d5 3. e3 Nf6 4. Nc3 a6 5. Be2 b5 6. b3 e6 7. O-O Bd6 8. d4 O-O 9. Bb2 Nbd7 10. Qc2 Qe7 11. Rad1 Bb7 12. Rfe1 Ne8 13. e4 bxc4 14. bxc4 Bb4 15. exd5 cxd5 16. cxd5 Bxd5 17. Nxd5 exd5 18. Rf1 Nd6 19. a3 Rac8 20. Qd3 Nc4 21. Rb1 Bxa3 22. Bxa3 Nxa3 23. Ra1 Nc2 24. Ra5 Nb4 25. Qe3 Qd6 26. Ne5 Rfe8 27. Qa3 Nxe5 28. dxe5 Rxe5 29. Bxa6 Rd8 30. g3 h5 31. Bb5 d4 32. Bc4 Rxa5 33. Qxa5 g6 34. Rd1 Kg7 35. Qa7 d3 36. Qxf7+ Kh8 37. h4 Rf8 38. Qe6 Qd4 39. Qe3 Qxe3 40. fxe3 Rf3 41. Bxd3 Rxe3 0-1


[Site "https://www.chess.com"]

[Event "Titled Tuesday Blitz July 6 2021"]
[White "Pourkashiyan, Atousa"]
[Black "Guliev, Logman"]
[WhiteFideId "12502014"]
[BlackFideId "13400061"]
[WhiteElo "2285"]
[BlackElo "2128"]
[Result "0-1"]
[Round "10"]
[TimeControl "180+1"]
[Date "2021.07.06"]
[WhiteClock "0:00:14"]
[BlackClock "0:01:59"]

1. e4 c5 2. Nf3 d6 3. d4 cxd4 4. Nxd4 Nf6 5. Nc3 a6 6. Be2 e5 7. Nb3 Be7 8. O-O Be6 9. f4 O-O 10. f5 Bd7 11. Bg5 Bc6 12. Bxf6 Bxf6 13. Qd3 Qc7 14. Rad1 Rd8 15. Bf3 b5 16. a3 Qb7 17. Na5 Qb6+ 18. Kh1 Qxa5 19. Qe3 b4 20. axb4 Qxb4 21. Ne2 Bb5 22. b3 Nc6 23. c4 Bxc4 24. bxc4 Qxc4 25. Rc1 Qb5 26. Nc3 Qc5 27. Qe1 Bg5 28. Rb1 Nb4 29. f6 Bxf6 30. Bh5 Nd3 31. Qd2 Nf4 32. Bg4 d5 33. exd5 Nxd5 34. Nxd5 Rxd5 35. Qe2 Rad8 36. Qxa6 Rd2 37. Qb7 Qd4 38. Bh5 Qd5 39. Qb4 Qxg2# 0-1


[Site "https://www.chess.com"]

[Event "Titled Tuesday Blitz July 6 2021"]
[White "Pridorozhni, Aleksei"]
[Black "Dubov, Daniil"]
[WhiteFideId "4127870"]
[BlackFideId "24126055"]
[WhiteElo "2565"]
[BlackElo "2722"]
[Result "0-1"]
[Round "10"]
[TimeControl "180+1"]
[Date "2021.07.06"]
[WhiteClock "0:00:02"]
[BlackClock "0:00:04"]

1. e4 e5 2. Bc4 Nf6 3. d3 Nc6 4. Nc3 Na5 5. Qf3 d6 6. h3 Be7 7. Nge2 O-O 8. g4 Nxc4 9. dxc4 Be6 10. b3 c6 11. g5 Nd7 12. h4 f5 13. Ng3 fxe4 14. Qxe4 d5 15. Qe2 Bb4 16. Bd2 Qa5 17. Nb1 dxc4 18. Bxb4 Qxb4+ 19. Qd2 a5 20. Nc3 Nc5 21. O-O cxb3 22. axb3 Qxh4 23. Qe3 b6 24. Qxe5 Rae8 25. Rfe1 Qh3 26. Qd4 Bg4 27. Rxe8 Rxe8 28. Qc4+ Ne6 29. Re1 Bf3 30. Qf1 Qxf1+ 31. Kxf1 Kf7 32. Re3 Nxg5 33. Rd3 h5 34. Rd4 g6 35. Nce2 Ne6 36. Rd3 Bxe2+ 37. Nxe2 Rd8 38. Rf3+ Kg7 39. Re3 Kf6 40. Rf3+ Ke7 41. Re3 Rd6 42. Nf4 Kf6 43. Nd3 Nd4 44. c3 Nxb3 45. Nf4 Nc5 46. Re8 a4 47. Ra8 b5 48. Ne2 Ne4 49. f3 Nd2+ 50. Kf2 Nc4 51. Nd4 a3 52. f4 b4 53. Ra4 c5 0-1


[Site "https://www.chess.com"]

[Event "Titled Tuesday Blitz July 6 2021"]
[White "Prraneeth Vuppala"]
[Black "Sviridova, Vlada"]
[WhiteFideId "46622373"]
[BlackFideId "24109606"]
[WhiteElo "1759"]
[BlackElo "2101"]
[Result "1/2-1/2"]
[Round "10"]
[TimeControl "180+1"]
[Date "2021.07.06"]
[WhiteClock "0:01:09"]
[BlackClock "0:00:06"]

1. d4 d5 2. c4 c6 3. Nc3 Nf6 4. e3 e6 5. Nf3 Nbd7 6. Be2 dxc4 7. a4 a5 8. Bxc4 Bd6 9. O-O O-O 10. e4 e5 11. dxe5 Nxe5 12. Nxe5 Bxe5 13. Qe2 Qe7 14. f3 Qc7 15. g3 Bh3 16. Rd1 Rad8 17. Be3 h5 18. Qf2 Rxd1+ 19. Rxd1 Rd8 20. Bd4 Bxd4 21. Rxd4 Bc8 22. Qd2 Qb6 23. Ne2 Rxd4 24. Nxd4 Qc5 25. b3 Nd7 26. Kg2 Ne5 27. Be2 Be6 28. Nxe6 fxe6 29. f4 Ng4 30. Qd8+ Kh7 31. Bxg4 hxg4 32. Qh4+ Kg8 33. Qxg4 Qc2+ 34. Kh3 Qxe4 35. Qd1 b5 36. Qd8+ Kh7 37. Qd7 Qf5+ 38. Kh4 Qf6+ 39. Kh3 Qf5+ 40. Kg2 Qc2+ 41. Kh3 Qxb3 42. Qxc6 bxa4 43. Qe4+ Kg8 44. Qa8+ Kh7 45. Qxa5 a3 46. Qh5+ Kg8 47. Qe8+ Kh7 48. f5 exf5 49. Qh5+ Kg8 50. Qe8+ Kh7 51. Qh5+ Kg8 52. Qxf5 a2 53. Qc8+ Kf7 54. Qd7+ Kf6 55. Qd4+ Kg6 56. Qd6+ Kh7 57. Qa6 Qb2 58. Qa5 a1=Q 59. Qh5+ Kg8 60. Qe8+ Kh7 61. Qh5+ Kg8 62. Qe8+ Kh7 63. Qh5+ 1/2-1/2


[Site "https://www.chess.com"]

[Event "Titled Tuesday Blitz July 6 2021"]
[White "Quintiliano Pinto, Renato R."]
[Black "Kalajzic, Ivan"]
[WhiteFideId "2117568"]
[BlackFideId "14506378"]
[WhiteElo "2439"]
[BlackElo "2163"]
[Result "1-0"]
[Round "10"]
[TimeControl "180+1"]
[Date "2021.07.06"]
[WhiteClock "0:00:11"]
[BlackClock "0:00:07"]

1. Nf3 Nc6 2. e4 d6 3. Bc4 Nf6 4. d3 Bg4 5. Nbd2 e6 6. O-O d5 7. exd5 exd5 8. Bb5 Qd6 9. Qe1+ Be7 10. Ne5 Bd7 11. Nxd7 Qxd7 12. c3 O-O 13. d4 Rfe8 14. Qd1 a6 15. Ba4 b5 16. Bc2 Bd6 17. h3 Ne7 18. a4 c6 19. Nb3 Ng6 20. axb5 axb5 21. Rxa8 Rxa8 22. Re1 Re8 23. Nc5 Bxc5 24. dxc5 Rxe1+ 25. Qxe1 Qe6 26. Kf1 Ne4 27. Be3 Ne5 28. f3 Nf6 29. Bd4 Ned7 30. Qa1 g6 31. Qa8+ Nf8 32. Qd8 Nd7 33. Qc7 f6 34. b3 Ne5 35. Qd8 Qd7 36. Qxf6 Nxf3 37. Qxf3 Qf7 38. Qxf7+ Kxf7 39. Kf2 Ne6 40. Ke3 g5 41. Bxh7 Nc7 42. Bf5 Ne8 43. Be5 Ng7 44. Bxg7 Kxg7 45. b4 Kf6 46. Bd7 Ke5 47. Bxc6 d4+ 48. cxd4+ Kf6 49. Bxb5 Ke7 50. g4 1-0


[Site "https://www.chess.com"]

[Event "Titled Tuesday Blitz July 6 2021"]
[White "Quparadze, Giga"]
[Black "Alavkin, Arseny"]
[WhiteFideId "13602250"]
[BlackFideId "4120612"]
[WhiteElo "2658"]
[BlackElo "2401"]
[Result "1-0"]
[Round "10"]
[TimeControl "180+1"]
[Date "2021.07.06"]
[WhiteClock "0:01:49"]
[BlackClock "0:00:45"]

1. e4 e6 2. Qe2 d5 3. exd5 Qxd5 4. Nc3 Qd8 5. d4 Nf6 6. Bg5 Be7 7. O-O-O O-O 8. h4 c6 9. Qf3 a5 10. Bd3 a4 11. Ne4 a3 12. b3 Nd5 13. Bxe7 Qxe7 14. Ng5 h6 15. Ne2 Nb4 16. c3 Nxd3+ 17. Qxd3 hxg5 18. hxg5 Qxg5+ 19. f4 Qf5 20. Qf3 Re8 21. g4 Qg6 22. Rh5 Nd7 23. Rdh1 Kf8 24. f5 Qf6 25. Ng3 Nb6 26. g5 Qd8 27. f6 gxf6 1-0


[Site "https://www.chess.com"]

[Event "Titled Tuesday Blitz July 6 2021"]
[White "Reprintsev, Alexander"]
[Black "Dixit, Arun"]
[WhiteFideId "14100541"]
[BlackFideId "30937671"]
[WhiteElo "2126"]
[BlackElo "2357"]
[Result "1-0"]
[Round "10"]
[TimeControl "180+1"]
[Date "2021.07.06"]
[WhiteClock "0:00:37"]
[BlackClock "0:01:12"]

1. e4 c5 2. b3 Nc6 3. Bb2 e6 4. Qe2 d6 5. f4 e5 6. Nc3 Nd4 7. Qd3 exf4 8. O-O-O Be6 9. Nf3 Nxf3 10. Qxf3 Qg5 11. Bb5+ Kd8 12. Ne2 a6 13. Bd3 Bg4 14. Qf2 Bxe2 15. Bxe2 Nf6 16. h4 Qg3 17. Qxg3 fxg3 18. d3 Be7 19. Rdf1 Kd7 20. Rh3 Rhg8 21. Rxg3 Ke6 22. c4 g6 23. Rgf3 Nd7 24. Rxf7 Ne5 25. Rxh7 Raf8 26. Rxf8 Rxf8 27. Bxe5 dxe5 28. Bg4+ Kd6 29. Rg7 Rf1+ 30. Kd2 Rf2+ 31. Ke3 Rxg2 32. Rxg6+ Kc7 33. h5 Rh2 34. Bf3 Bh4 35. Rg2 Rxg2 36. Bxg2 Kb6 37. Kf3 a5 38. Kg4 Bf6 39. Kf5 Bh8 40. a4 1-0


[Site "https://www.chess.com"]

[Event "Titled Tuesday Blitz July 6 2021"]
[White "Rodchenkov, Vitaly"]
[Black "Samunenkov, Ihor"]
[WhiteFideId "4152964"]
[BlackFideId "14187086"]
[WhiteElo "2337"]
[BlackElo "2281"]
[Result "0-1"]
[Round "10"]
[TimeControl "180+1"]
[Date "2021.07.06"]
[WhiteClock "0:00:14"]
[BlackClock "0:00:06"]

1. e4 c5 2. Nf3 Nc6 3. d4 cxd4 4. Nxd4 g6 5. Nc3 Bg7 6. Nb3 d6 7. Be2 Nf6 8. O-O O-O 9. Re1 a6 10. Bg5 Be6 11. Qd2 b5 12. Bf1 Ne5 13. Rad1 Rc8 14. Nd5 Bxd5 15. exd5 Nc4 16. Bxc4 bxc4 17. Bxf6 Bxf6 18. Nd4 Qb6 19. b3 cxb3 20. cxb3 Rc5 21. Nc6 Bc3 22. Nxe7+ Kg7 23. Qg5 Bxe1 24. Nf5+ Kg8 25. Rxe1 Qd8 26. Ne7+ Kg7 27. Qg3 Re8 28. Nf5+ Kh8 29. Ne3 Qf6 30. h4 Rxd5 31. Rc1 Rd4 32. h5 Qf4 33. Qh3 Rd2 34. Rf1 Kg7 35. Qd7 Re5 36. hxg6 hxg6 37. Nc4 Rxf2 38. Rd1 Rxg2+ 39. Kxg2 Re2+ 0-1


[Site "https://www.chess.com"]

[Event "Titled Tuesday Blitz July 6 2021"]
[White "Roman, Rodrigo"]
[Black "Mirzoev, Azer"]
[WhiteFideId "3701220"]
[BlackFideId "13400304"]
[WhiteElo "2043"]
[BlackElo "2525"]
[Result "1-0"]
[Round "10"]
[TimeControl "180+1"]
[Date "2021.07.06"]
[WhiteClock "0:00:06"]
[BlackClock "0:00:08"]

1. c4 c6 2. Nf3 d5 3. e3 Nf6 4. Qc2 e6 5. b3 Nbd7 6. Bb2 Bd6 7. Be2 O-O 8. g4 e5 9. Nc3 e4 10. Nd4 Nb6 11. g5 Ne8 12. h4 Nc7 13. cxd5 cxd5 14. d3 Be5 15. dxe4 Bxd4 16. exd4 dxe4 17. d5 Re8 18. Rd1 Bf5 19. Qd2 Qd6 20. Qd4 Qf8 21. h5 Rad8 22. d6 e3 23. h6 exf2+ 24. Qxf2 Rxd6 25. Qxf5 Rxd1+ 26. Kxd1 Qd6+ 27. Kc1 Ncd5 28. Nxd5 Nxd5 29. Bd3 Qf4+ 30. Qxf4 Nxf4 31. Bc2 g6 32. Rf1 Ne6 33. Bf6 Rc8 34. Kb1 Kf8 35. Bd3 a6 36. Bc4 b5 37. Bxe6 fxe6 38. Bg7+ Ke7 39. Bf6+ Ke8 40. Re1 Kf7 41. Rd1 Ke8 42. Rd6 e5 43. Re6+ Kf7 44. Rxe5 Rc7 45. Rd5 Ke6 46. Rd3 Kf5 47. Rd8 Kg4 48. Kb2 b4 49. Rd4+ Kf5 50. Rxb4 Rd7 51. Ra4 Rd6 52. Ka3 Ke6 53. Re4+ Kf5 54. Re7 a5 55. Rxh7 1-0


[Site "https://www.chess.com"]

[Event "Titled Tuesday Blitz July 6 2021"]
[White "Rorrer, Grayson"]
[Black "Vivas Zamora, Fabian Ernesto"]
[WhiteFideId "30944996"]
[BlackFideId "3902480"]
[WhiteElo "2122"]
[BlackElo "1966"]
[Result "0-1"]
[Round "10"]
[TimeControl "180+1"]
[Date "2021.07.06"]
[WhiteClock "0:00:09"]
[BlackClock "0:00:06"]

1. e4 e5 2. Nc3 Nf6 3. d4 exd4 4. Qxd4 Nc6 5. Qd3 Bb4 6. Bd2 O-O 7. O-O-O Re8 8. Nge2 Qe7 9. Bg5 Qe6 10. Bxf6 Qxf6 11. Nd5 Qh6+ 12. Kb1 Ba5 13. f4 d6 14. Nec3 Bg4 15. Re1 Nb4 16. Nxb4 Bxb4 17. g3 c6 18. Bg2 d5 19. h3 dxe4 20. Bxe4 Be6 21. g4 Qh4 22. Bg2 Rad8 23. Qe3 h5 24. a3 Bd7 25. Qd2 Rxe1+ 26. Rxe1 Bxg4 27. Qe3 Bc5 28. Qe5 Bd4 29. Qe7 Qxe7 30. Rxe7 Bxc3 31. bxc3 Bd7 32. Kb2 Kf8 33. Re3 Re8 34. Rd3 Ke7 35. c4 Kd8 36. c5 Kc7 37. Bf3 h4 38. Bh5 g6 39. Bd1 Re4 40. Kb3 Bf5 41. Rd6 Rxf4 42. Kb2 Be6 43. c3 b6 44. Ba4 Rxa4 45. Rd3 bxc5 46. Rf3 Re4 47. Re3 Rxe3 48. Kc2 Rxh3 49. Kb2 Rh2+ 50. Kb1 h3 51. Kc1 Rg2 0-1


[Site "https://www.chess.com"]

[Event "Titled Tuesday Blitz July 6 2021"]
[White "Rostovtsev, Dmitry"]
[Black "Eternauta2400"]
[WhiteFideId "34278320"]
[WhiteElo "2114"]
[BlackElo "2496"]
[Result "0-1"]
[Round "10"]
[TimeControl "180+1"]
[Date "2021.07.06"]
[WhiteClock "0:00:23"]
[BlackClock "0:00:09"]

1. e4 c5 2. Nf3 Nc6 3. d4 cxd4 4. Nxd4 Nf6 5. Nc3 e5 6. Ndb5 d6 7. Nd5 Nxd5 8. exd5 Nb8 9. Qf3 a6 10. Qa3 Be7 11. Bg5 f6 12. Be3 O-O 13. Be2 f5 14. O-O-O f4 15. Bd2 Bf5 16. Bb4 axb5 17. Qxa8 Qc7 18. Bd3 Bxd3 19. Rxd3 Na6 20. Ba5 Rxa8 21. Bxc7 Nxc7 22. a3 Bf6 23. f3 b4 24. Rhd1 bxa3 25. bxa3 Kf7 26. Rb3 Ra7 27. c4 Na6 28. Rb6 Ke7 29. Kb1 Kd7 30. Ka2 Nc5 31. Rb5 Kc7 32. Rc1 g5 33. Re1 h5 34. h3 Ra4 35. Rc1 Nd3 36. Rc2 Nc5 37. Rc1 e4 38. fxe4 Nxe4 39. Rc2 Nc3+ 40. Kb3 Ra8 41. Rb4 Re8 42. Rxc3 Bxc3 43. Kxc3 Re2 44. Rb2 Rxb2 45. Kxb2 Kb6 46. Kb3 Kc5 47. Kc3 g4 48. hxg4 hxg4 49. Kd3 f3 50. gxf3 gxf3 51. Ke3 Kxc4 52. Kxf3 Kxd5 53. Ke3 Kc4 54. Kd2 Kb3 55. Kd3 Kxa3 56. Kc4 d5+ 57. Kb5 Kb3 58. Kc5 Kc3 59. Kxd5 b5 0-1


[Site "https://www.chess.com"]